 Dungeon Crawl Stone Soup version 0.24.0-37-gcf1ca852f1 (webtiles) character file.

Game seed: 15344667821442911904, levelgen mode: deterministic

844 Quirk the Chopper (level 7, -3/54 HPs)
             Began as a Demonspawn Gladiator on Nov 30, 2019.
             Slain by a wraith (4 damage)
             ... in an ossuary.
             The game lasted 00:10:08 (3794 turns).

Quirk the Chopper (Demonspawn Gladiator)            Turns: 3794, Time: 00:10:09

Health: -3/54      AC: 13    Str: 20    XL:     7   Next: 68%
Magic:  7/7        EV: 14    Int: 10    God:
Gold:   189        SH:  0    Dex: 15    Spells: 6/6 levels left

rFire    . . .     SeeInvis .   a - +0 war axe
rCold    . . .     Gourm    .   (no shield)
rNeg     . . .     Faith    .   b - +0 leather armour
rPois    .         Spirit   .   c - +0 helmet
rElec    .         Reflect  .   l - +2 cloak
rCorr    +         Harm     .   (no gloves)
MR       .....                  (no boots)
Stlth    +.........             o - amulet of magic regeneration
HPRegen  0.18/turn              s - ring of resist corrosion
MPRegen  0.35/turn              (no ring)

@: mighty, sanguine armour, slowed, very slow
A: powered by pain 1, rot immunity, sanguine armour 1
a: no special abilities


You were in an ossuary.
You were not hungry.

You visited 1 branch of the dungeon, and saw 5 of its levels.
You also visited: Ossuary.

You collected 189 gold pieces.

Inventory:

Hand Weapons
 a - a +0 war axe (weapon)
Missiles
 d - 3 throwing nets (quivered)
Armour
 b - a +0 leather armour (worn)
 c - a +0 helmet (worn)
 l - a +2 cloak (worn)
Jewellery
 o - an amulet of magic regeneration (around neck)
 s - a ring of resist corrosion (left hand)
 w - an uncursed amulet of harm {unknown}
Scrolls
 e - 3 scrolls of remove curse
 g - a scroll of identify
 j - a scroll of enchant armour
 v - 2 scrolls of magic mapping
Potions
 i - 2 potions of flight
 k - a potion of agility {unknown}
 m - a potion of brilliance {unknown}
 n - a potion of invisibility
 p - a potion of ambrosia {unknown}
 r - a potion of curing
 t - a potion of degeneration {unknown}
Comestibles
 f - 4 rations


   Skills:
 + Level 4.2 Fighting
 * Level 5.7 Axes
 - Level 1.7 Throwing
 + Level 3.3 Armour
 + Level 4.4 Dodging


You had 6 spell levels left.
You didn't know any spells.
Your spell library was empty.

Dungeon Overview and Level Annotations

Branches:
Dungeon (5/15)            Ossuary (1/1)
 Temple: D:4-7

Altars:
Elyvilon
Kikubaaqudgha
Nemelex Xobeh
Vehumet
Wu Jian
Zin
The Shining One


Innate Abilities, Weirdness & Mutations

You sometimes gain a little power by taking damage.
You are immune to rotting.
When seriously injured, your bleeding wounds create armour. (AC +6)


Message History

Sorry, you're not good enough to have a special ability.
Okay, then.
Okay, then.
Okay, then.
You slash the wraith!
The wraith is severely damaged.
The wraith hits you.
* * * LOW HITPOINT WARNING * * *
The wraith drains your vigour!
You feel as though you will be slow longer.
The wraith hits you but does no damage.
You feel better. The wraith hits you but does no damage.
It was a potion of might.
You feel very mighty all of a sudden. The wraith hits you!
* * * LOW HITPOINT WARNING * * *
The wraith drains your vigour!
You feel as though you will be slow longer.
The wraith hits you.
You die...

####### ### #.###..###..
#.....# #z# #...........
#.8.8.#####▓###.###..???..
'.......'.....'.#z#..?!?..
#.8.8.#####▓###.###..!!?..
#.....# #W# #...........
####### ### #.###..###..
#.#W#..# . #.@# ..#
#......... ##########


You could see a wraith.

Vanquished Creatures
  Grinder (D:3)
  A bullfrog (D:4)
  A wight (Ossuary)
  2 crimson imps (D:5)
  A bullfrog skeleton (D:4)
  An orc priest (D:4)
  An iguana (D:5)
  5 orc wizards (D:4)
  A worker ant (D:5)
  6 adders
  5 gnolls (D:2)
  An ooze (D:3)
  4 adder zombies
  6 worms
  A dart slug (D:2)
  6 leopard geckos
  10 orcs (D:4)
  6 giant cockroaches
  2 goblins (D:3)
  8 hobgoblins
  5 jackals
  9 kobolds
  A quokka (D:3)
  5 bats
  3 frilled lizards
  A hobgoblin zombie (Ossuary)
  2 kobold zombies (Ossuary)
  A leopard gecko skeleton (D:4)
  3 orc skeletons (Ossuary)
  11 rats
110 creatures vanquished.

Notes
Turn   | Place    | Note
-------+----------+-------------------------------------------
     0 | D:1      | Quirk the Demonspawn Gladiator began the quest for the Orb.
     0 | D:1      | Reached XP level 1. HP: 16/16 MP: 1/1
   216 | D:1      | Gained mutation: You are immune to rotting. [demonic
                  | ancestry]
   216 | D:1      | Reached XP level 2. HP: 12/22 MP: 2/2
   217 | D:1      | Reached skill level 3 in Axes
   776 | D:2      | Gained mutation: You sometimes gain a little power by
                  | taking damage. [demonic ancestry]
   776 | D:2      | Reached XP level 3. HP: 27/28 MP: 3/3
   966 | D:2      | Reached skill level 1 in Armour
  1089 | D:2      | Gained mutation: When seriously injured, your bleeding
                  | wounds create armour. (AC +6) [demonic ancestry]
  1089 | D:2      | Reached XP level 4. HP: 11/34 MP: 4/4
  1421 | D:2      | Noticed an orc warrior
  1627 | D:3      | Noticed Grinder
  1635 | D:3      | Paralysed by Grinder for 7 turns
  1652 | D:3      | Killed Grinder
  1652 | D:3      | Reached skill level 4 in Axes
  1652 | D:3      | Reached XP level 5. HP: 21/41 MP: 5/5
  1652 | D:3      | Reached XP level 6. HP: 24/47 MP: 6/6
  2458 | D:4      | Found a sparkling altar of Nemelex Xobeh.
  2520 | D:4      | Found Aler's Gadget Boutique.
  2566 | D:4      | Reached skill level 5 in Axes
  2566 | D:4      | Reached XP level 7. HP: 27/53 MP: 7/7
  2751 | D:4      | Found a glowing silver altar of Zin.
  2752 | D:4      | Found a glowing golden altar of the Shining One.
  2757 | D:4      | Found a white marble altar of Elyvilon.
  2947 | D:4      | Found a radiant altar of Vehumet.
  2948 | D:4      | Found an ornate altar of the Wu Jian Council.
  2948 | D:4      | Found an ancient bone altar of Kikubaaqudgha.
  3046 | D:4      | Found an ornate altar of the Wu Jian Council.
  3361 | D:4      | You fall into a shaft and drop 1 floor!
  3361 | D:5      | Entered Level 5 of the Dungeon
  3491 | D:5      | Found a sand-covered staircase.
  3496 | Ossuary  | Entered an ossuary
  3742 | Ossuary  | Noticed a flying skull
  3742 | Ossuary  | Noticed a wraith
  3750 | Ossuary  | Noticed a flying skull
  3776 | Ossuary  | Noticed a wraith
  3794 | Ossuary  | HP: 1/54 [wraith (10)]
  3794 | Ossuary  | Slain by a wraith

Levels and vault maps discovered:
D:1:      dpeg_arrival_castle, layout_loops_ring
D:2:      kb_forest_paths, layout_basic, st_stairs_3,
          minmay_misc_feat_more_columns, okawaru_altar_gauntlet_db, uniq_sigmund
D:3:      layout_basic, minmay_misc_feat_iff, palyth_stone_intersect,
          uniq_grinder
D:4:      layout_layer_cave, good_gods_mini_temple,
          nemelex_xobeh_ov_fountains_minmay,
          chequers_temple_overflow_statue_of_worship, first_ration,
          serial_shops, nicolae_shop_crystal, kennysheep_flooded_box
D:5:      cheibrodos_two_vegetables, layout_cave_pools, enter_ossuary_2,
          serial_shops, nicolae_shop_overgrown_old_shop
Ossuary:  ossuary_due_cavern

Skill      XL: |  1  2  3  4  5  6  7 |
---------------+----------------------+-----
Axes           | 3 4 5 |  5.7
Dodging        | 3 4 |  4.4
Armour         | 1 2 3 |  3.3
Fighting       | 3 4 |  4.2
Throwing       | |  1.7

Action                   |  1- 3 |  4- 6 |  7- 9 || total
-------------------------+-------+-------+-------++-------
Melee: War axe           |   101 |   187 |   154 ||   442
  Use: Scroll            |       |     5 |     8 ||    13
       Potion            |       |     1 |     3 ||     4
 Stab: Sleeping          |     1 |     1 |     1 ||     3
  Eat: Chunk             |     1 |     5 |     1 ||     7
       Ration            |       |       |     1 ||     1
Armor: Leather armour    |    29 |    70 |    50 ||   149
Dodge: Dodged            |    87 |   145 |   115 ||   347
